 Dungeon Crawl Stone Soup version 0.31-a0-656-gb4d89c20fa (webtiles) character file.

Game seed: 13958825155654037351

102 arthad the Trooper (level 4, 0/29 HPs)
             Began as a Gargoyle Fighter on Aug 30, 2023.
             Slain by Grinder (1 damage)
             ... on level 3 of the Dungeon.
             The game lasted 00:03:46 (2469 turns).

arthad the Trooper (Gargoyle Fighter)               Turns: 2469, Time: 00:03:47

Health: 0/29       AC: 11    Str: 21    XL:     4   Next: 77%
Magic:  4/4        EV:  9    Int:  9    God:
Gold:   87         SH:  4    Dex:  9    Spells: 3/3 levels left

rFire   + . .        s - +3 whip (flame)
rCold   + . .        c - +0 buckler
rNeg    + + .        b - +0 scale mail
rPois   ∞            t - +0 helmet
rElec   +            n - scarf {repulsion}
rCorr   +            (no gloves)
SInv    .            (no boots)
Will    .....        (no amulet) Stlth
                     l - ring of positive energy
HPRegen 0.24/turn    (no ring)
MPRegen 0.09/turn

%: repel missiles
@: resistant
A: sickness immunity, AC +3, negative energy resistance 1, electricity
resistance, torment resistance 1, petrification resistance
a: no special abilities


You were on level 3 of the Dungeon.
You visited 1 branch of the dungeon, and saw 3 of its levels.

You collected 87 gold pieces.

Inventory:

Hand Weapons
 a - a +0 flail
 s - a +3 whip of flaming (weapon)
Armour
 b - a +0 scale mail (worn)
 c - a +0 buckler (worn)
 n - a scarf of repulsion (worn)
 t - a +0 helmet (worn)
Jewellery
 l - a ring of positive energy (left hand)
Scrolls
 f - 2 scrolls of teleportation {unknown}
 g - 3 scrolls of identify {unknown}
 i - a scroll of revelation {unknown}
 j - a scroll of poison {unknown}
 p - a scroll of blinking {unknown}
Potions
 d - 2 potions of might
 e - a potion of resistance
 k - a potion of haste {unknown}
 m - a potion of invisibility {unknown}
 o - a potion of mutation {unknown}
 q - a potion of attraction {unknown}
 r - a potion of cancellation {unknown}
 u - a potion of heal wounds {unknown}


   Skills:
 + Level 4.1 Fighting
 + Level 2.9 Maces & Flails
 + Level 4.0 Armour
 + Level 4.1 Shields


You had 3 spell levels left.
You didn't know any spells.
Your spell library contained the following spells:

 Spells                   Type           Power      Damage    Failure   Level
 Call Canine Familiar     Summ           0%         N/A       98%         3
 Portal Projectile        Hex/Tloc       0%         N/A       98%         3
 Leda's Liquefaction      Hex/Erth       0%         N/A       100%        4


Dungeon Overview and Level Annotations

Branches:
Dungeon (3/15)

Altars:

Annotations:
D:3 Grinder


Innate Abilities, Weirdness & Mutations

You are immune to sickness and miasma.
Your stone body is resilient. (AC +3)
You are immune to poison.
You resist negative energy. (rN+)
You are resistant to electric shocks. (rElec)
You are resistant to unholy torment.
You are immune to petrification.


Message History

Grinder gestures at you.
You shrug off the repeated paralysis!
Grinder blinks!
Grinder hits you but does no damage.
You barely miss Grinder.
Grinder is severely wounded.
Grinder blinks!
Grinder gestures at you. Pain shoots through your body!
You are too injured to fight recklessly!
You are too injured to fight recklessly!
You are too injured to fight recklessly!
Grinder blinks!
You hit Grinder. You burn Grinder.
Grinder is almost dead.
Grinder gestures at you.
You suddenly lose the ability to move!
Grinder says, "You look like you could use a good racking."
Grinder hits you. Grinder hits you but does no damage. x2
Grinder hits you.
Grinder blinks!
You can move again.
Unknown command.
Unknown command.
Unknown command.
Unknown command.
Grinder gestures at you.
You shrug off the repeated paralysis!
Grinder hits you.
* * * LOW HITPOINT WARNING * * *
You writhe in agony.
* * * LOW HITPOINT WARNING * * *
You closely miss Grinder.
Grinder is almost dead.
Grinder hits you!
* * * LOW HITPOINT WARNING * * *
You writhe in agony.
You die...
Grinder says, "Now the real fun starts!"

###......# #....#
........# ######
#......##### ##
#........... ####.
#....###########....
#####...........[.....
#####.....$.#####......###
............'.###.######
.........@..#..#).######
.........5..##..>........
#####.......+...........#
#.......###########.#
#######.# #.# #.# #.#


You could see Grinder.

Vanquished Creatures
  Robin (D:3)
  2 adders (D:2)
  A worm (D:2)
  An orc (D:3)
  5 ball pythons
  5 endoplasms
  2 giant cockroaches
  14 goblins
  9 hobgoblins
  3 quokkas
  3 bats
  3 frilled lizards (D:2)
  3 kobolds
  10 rats
62 creatures vanquished.

Notes
Turn   | Place    | Note
-------+----------+-------------------------------------------
     0 | D:1      | arthad the Gargoyle Fighter began the quest for the Orb.
     0 | D:1      | Reached XP level 1. HP: 14/14 MP: 1/1
    69 | D:1      | Found a faded altar of an unknown god.
   107 | D:1      | Reached XP level 2. HP: 19/19 MP: 2/2
   821 | D:2      | Reached XP level 3. HP: 21/24 MP: 3/3
  1614 | D:2      | Reached XP level 4. HP: 28/29 MP: 4/4
  2170 | D:3      | Noticed Robin
  2310 | D:3      | Killed Robin
  2417 | D:3      | Noticed Grinder
  2441 | D:3      | Paralysed by Grinder for 5 turns
  2461 | D:3      | Paralysed by Grinder for 5 turns
  2469 | D:3      | HP: 1/29 [Grinder (7)]
  2469 | D:3      | Slain by Grinder

Illustrated notes

Levels and vault maps discovered:
D:1:      lightli_arrival_flooded_house, layout_basic,
          hellmonk_ecumenical_altar_arch_garden
D:2:      kb_forest_paths, layout_basic, minmay_bisected
D:3:      layout_basic, serial_shops, shop, uniq_terence, uniq_grinder,
          uniq_robin

Skill      XL: |  1  2  3  4 |
---------------+-------------+-----
Shields        | 4 |  4.1
Fighting       | 4 |  4.1
Armour         | 4 |  4.0
Maces & Flails | |  2.9

Action                     |  1- 3 |  4- 6 || total
---------------------------+-------+-------++-------
  Melee: Flail             |   132 |    54 ||   186
         Whip              |       |    36 ||    36
    Use: Potion            |       |     2 ||     2
 Armour: Scale mail        |    77 |    50 ||   127
  Dodge: Dodged            |    68 |    22 ||    90
  Block: Buckler           |    29 |    16 ||    45

Table legend: (Time is in decaauts)
 A = Elapsed time spent in this place.
 B = Non-inter-level travel time spent in this place.
 C = Inter-level travel time spent in this place.
 D = Time resting spent in this place.
 E = Time spent auto-exploring this place.
 F = Levels seen in this place.
 G = Mean time per level.
                   A        B        C        D        E       F      G
               +--------+--------+--------+--------+--------+-----+--------+
         Total |   2524 |   2449 |     75 |     30 |   1876 |   3 |  841.3 |
       Dungeon |   2524 |   2449 |     75 |     30 |   1876 |   3 |  841.3 |
               +--------+--------+--------+--------+--------+-----+--------+

Top non-repeatable levels by time:
     D:2: 1378 daAuts
     D:1: 815 daAuts
     D:3: 330 daAuts
